 Dungeon Crawl Stone Soup version 0.31-a0-408-gb642c7f9a3 (webtiles) character file.

Game seed: 16100604055256485059

4 shadowstone the Cudgeller (level 2, 26/26 HPs)
             Began as a Meteoran Cinder Acolyte on July 29, 2023.
             Was a High Priest of Ignis.
             Quit the game on level 1 of the Dungeon.
             The game lasted 00:00:50 (89 turns).

shadowstone the Cudgeller (Meteoran Cinder Acolyte)   Turns: 89, Time: 00:00:51

Health: 26/26      AC:  2    Str: 15    XL:     2   Next: 0%
Magic:  5/5        EV: 11    Int: 15    God:    Ignis [*****.]
Gold:   20         SH:  0    Dex:  9    Spells: 3/3 levels left

rFire   + . .        a - -1 mace (flame)
rCold   . . .        (no shield)
rNeg    . . .        b - +0 robe
rPois   .            (no helmet)
rElec   .            (no cloak)
rCorr   .            (no gloves)
SInv    .            (no boots)
Will    .....        c - amulet of guardian spirit
Stlth   +            (no ring)
HPRegen 0.24/turn    (no ring)
MPRegen 0.09/turn

%: guardian spirit
@: glowing
A: sense surroundings 1, otherworldly, glowing, explore regen
a: Renounce Religion, Fiery Armour, Foxfire Swarm, Rising Flame


You were on level 1 of the Dungeon.
You worshipped Ignis.
Ignis was extremely pleased with you.
You visited 1 branch of the dungeon, and saw 1 of its levels.

You collected 20 gold pieces.

Inventory:

Hand Weapons
 a - a -1 mace of flaming (weapon)
Armour
 b - a +0 robe (worn)
Jewellery
 c - an amulet of guardian spirit (around neck)


   Skills:
 + Level 3.5 Fighting
 + Level 4.0 Maces & Flails
 + Level 1.3 Spellcasting
 + Level 3.7 Fire Magic


You had 3 spell levels left.
You didn't know any spells.
Your spell library contained the following spells:

 Spells                   Type           Power      Damage    Failure   Level
 Scorch                   Fire           24%        2d6       8%          2
 Call Canine Familiar     Summ           1%         N/A       56%         3
 Portal Projectile        Hex/Tloc       2%         N/A       56%         3
 Leda's Liquefaction      Hex/Erth       0%         N/A       93%         4


Dungeon Overview and Level Annotations

Branches:
Dungeon (1/15) Zot: 509

Altars:


Innate Abilities, Weirdness & Mutations

You passively map a small area around you.
You are easily found by Zot.
You glow in the dark.
You regain HP and MP as you explore.


Message History

You kill the bat!
You see here a bat corpse.
Found a book of the Hunter.
An endoplasm comes into view.
Found 8 gold pieces.
A bat comes into view.
The bat hits you. The bat hits you but does no damage.
The bat hits you but does no damage. The endoplasm freezes you.
You are frozen.
You hit the bat. You burn the bat.
You kill the bat!
The endoplasm hits you.
You see here a bat corpse.
You hit the endoplasm but do no damage. The endoplasm hits you.
The endoplasm misses you.
You hit the endoplasm. You burn the endoplasm.
The endoplasm is heavily wounded.
The endoplasm hits you.
You hit the endoplasm but do no damage.
The endoplasm is heavily wounded.
The endoplasm hits you.
You hit the endoplasm. You burn the endoplasm.
You kill the endoplasm!
You now have 20 gold pieces (gained 8).
A bat comes into view.
The bat barely misses you. The bat barely misses you.
You hit the bat. You burn the bat.
You kill the bat!
You have reached level 2!
You pick up a book of the Hunter and begin reading...
You add the spells Call Canine Familiar, Portal Projectile and Leda's Liquefaction to your library.
You see here a bat corpse.
You open the door.
There is an open door here.
You're too inexperienced to learn that spell!
You can't go up here!
Are you sure you want to abandon this character and quit the game? (Confirm with "yes".)

, ##......... , ,.....
......... , .,
#.#.#####.......#
,,.##.......#.......# ,
* , .........#..##..# ,
* *#.......#..##..### *
#.......#.........
######.......#†......†.
,#.....@......'......###
, #...##.......#.###..##
*#......................
* #.##.###.###..##..###
* # #.# #.# #..##..# *
##.###.###..##... *
#...........##.###
,#..###.##...##.#* #
*..###......# , ,


There were no monsters in sight!

Vanquished Creatures
  A ball python (D:1)
  An endoplasm (D:1)
  3 bats (D:1)
5 creatures vanquished.

Notes
Turn   | Place    | Note
-------+----------+-------------------------------------------
     0 | D:1      | shadowstone the Meteoran Cinder Acolyte began the quest for
                  | the Orb.
     0 | D:1      | Reached XP level 1. HP: 19/19 MP: 3/3
    70 | D:1      | Reached XP level 2. HP: 22/26 MP: 5/5
    89 | D:1      | Quit the game

Illustrated notes

Levels and vault maps discovered:
D:1:      dpeg_arrival_houses_and_road, layout_basic,
          shapermc_ecumenical_altar_flowoftime, serial_shops, shop,
          grunt_decor_one_mirror, minmay_misc_feat_columns

Action                     || total
---------------------------++-------
  Melee: Mace              ||     9
 Armour: Robe              ||     2
  Dodge: Dodged            ||     7

Table legend: (Time is in decaauts)
 A = Elapsed time spent in this place.
 B = Non-inter-level travel time spent in this place.
 C = Inter-level travel time spent in this place.
 D = Time resting spent in this place.
 E = Time spent auto-exploring this place.
 F = Levels seen in this place.
 G = Mean time per level.
                   A        B        C        D        E       F      G
               +--------+--------+--------+--------+--------+-----+--------+
         Total |     90 |     90 |      0 |      0 |      0 |   1 |   90.0 |
       Dungeon |     90 |     90 |      0 |      0 |      0 |   1 |   90.0 |
               +--------+--------+--------+--------+--------+-----+--------+

Top non-repeatable levels by time:
     D:1: 90 daAuts
